 Dungeon Crawl Stone Soup version 0.29-a0-824-gd827844252 (webtiles) character file.

Game seed: 13108858795108054269

81 kevlar127 the Ruffian (level 4, -6/45 HPs)
             Began as a Troll Berserker on July 9, 2022.
             Was a Believer of Trog.
             Mangled by an orc
             ... wielding a +0 trident
              (7 damage)
             ... on level 3 of the Dungeon.
             The game lasted 00:02:39 (1585 turns).

kevlar127 the Ruffian (Troll Berserker)             Turns: 1585, Time: 00:02:40

Health: -6/45      AC:  4    Str: 27    XL:     4   Next: 20%
Magic:  3/3        EV: 10    Int:  3    God:    Trog [**....]
Gold:   54         SH:  0    Dex:  9    Spells: 3/3 levels left

rFire   . . .      SeeInvis .     - Unarmed
rCold   . . .      Faith    .   (no shield)
rNeg    . . .      Spirit   .   a - +0 animal skin
rPois   .          Reflect  .   (helmet restricted)
rElec   .          Harm     .   (no cloak)
rCorr   .          Rampage  .   (gloves unavailable)
Will    .....                   (boots unavailable)
Stlth   +.........              (no amulet)
HPRegen 0.95/turn               (no ring)
MPRegen 0.08/turn               (no ring)

@: confused
A: large, unfitting armour, claws 3, regeneration 1, shaggy fur 1, tough skin 1
a: Renounce Religion, Berserk, Trog's Hand


You were on level 3 of the Dungeon.
You worshipped Trog.
Trog was pleased with you.
You visited 1 branch of the dungeon, and saw 3 of its levels.

You collected 54 gold pieces.

Inventory:

Missiles
 d - 29 stones (quivered)
 q - a throwing net
Armour
 a - a +0 animal skin (worn)
Jewellery
 p - a +6 ring of strength
Wands
 l - a wand of roots (9)
Scrolls
 b - a scroll of silence {unknown}
 h - a scroll of enchant armour {unknown}
 i - 2 scrolls of teleportation {unknown}
 j - a scroll of magic mapping {unknown}
 k - a scroll of identify {unknown}
 m - a scroll of fog {unknown}
 n - a scroll of enchant weapon {unknown}
Potions
 c - a potion of magic {unknown}
 e - a potion of might {unknown}
 f - a potion of curing {unknown}
 g - 2 potions of ambrosia {unknown}
 o - a potion of flight {unknown}


   Skills:
 + Level 3.2 Fighting
 - Level 3.0 Dodging
 + Level 3.8 Unarmed Combat


You had 3 spell levels left.
You didn't know any spells.
Your spell library was empty.

Dungeon Overview and Level Annotations

Branches:
Dungeon (3/15)

Altars:
Ashenzari


Innate Abilities, Weirdness & Mutations

You are too large for most types of armour.
You have claws for hands.
Your natural rate of healing is unusually fast.
You are covered in fur. (AC +1)
You have tough skin. (AC +1)


Message History

Unknown command.
The adder attacks as you move away! The adder bites you but does no damage.
Something hits you. The orc hits you with a +0 flail.
You are too confused!
The orc attacks as you move away! The orc hits you with a +0 flail.
Something hits you.
You barely miss the orc wizard. The adder bites you.
You are poisoned.
The adder poisons you!
The orc hits you from afar with a +0 trident.
* * * LOW HITPOINT WARNING * * *
The orc wizard points at you and mumbles some strange words.
You are more confused.
The adder barely misses you.
You closely miss the orc wizard.
You feel sick. Something hits you.
* * * LOW HITPOINT WARNING * * *
The orc wizard misses you.
The orc hits you from afar with a +0 trident.
* * * LOW HITPOINT WARNING * * *
The adder bites you but does no damage. The orc attacks as you move away!
The orc barely misses you.
You feel sick. Something hits you but does no damage.
You feel sick.
The orc hits you from afar with a +0 trident.
* * * LOW HITPOINT WARNING * * *
Something hits you.
* * * LOW HITPOINT WARNING * * *
The orc closely misses you.
You closely miss the orc.
You feel sick.
The orc hits you from afar with a +0 trident.
* * * LOW HITPOINT WARNING * * *
Something hits you but does no damage. The orc hits you but does no damage.
Unknown command.
You closely miss the orc.
* * * LOW HITPOINT WARNING * * *
You feel sick.
You are no longer poisoned.
Something hits you but does no damage.
The orc hits you from afar with a +0 trident!
You die... #.P.PPP.P.....# #.P.....P.....# #.P.._..P..... ##.P.....P.... #..P.PPP.P..# #.$.........# #..PPPPPPP..#

#..)...o@...####
.#####o.o.....#..
#.......So........
#######...........
#.........<.
#........###
#..........
#.........[#
##.#....#.##


You could see an orc wizard, an adder and 3 orcs.

Vanquished Creatures
  Robin (D:2)
  2 adders (D:2)
  2 dart slugs
  6 bats
  6 endoplasms
  3 giant cockroaches
  9 goblins (D:2)
  3 hobgoblins (D:2)
  3 kobolds (D:1)
  3 quokkas (D:2)
  2 frilled lizards
  5 rats
45 creatures vanquished.

Notes
Turn   | Place    | Note
-------+----------+-------------------------------------------
     0 | D:1      | kevlar127 the Troll Berserker began the quest for the Orb.
     0 | D:1      | Reached XP level 1. HP: 22/22 MP: 0/0
    99 | D:1      | Reached XP level 2. HP: 25/29 MP: 1/1
   663 | D:2      | Reached XP level 3. HP: 36/36 MP: 2/2
   713 | D:2      | Reached ** piety under Trog
   733 | D:2      | Noticed Robin
   770 | D:2      | Killed Robin
   840 | D:2      | Identified the +4 ring mail of Nukuh {Harm Rampage rElec
                  | Dex-3}
   853 | D:2      | Reached XP level 4. HP: 44/45 MP: 3/3
   873 | D:2      | Identified the +9 hand axe of Calamity {freeze, Fly rPois
                  | Str+4}
  1227 | D:2      | Found a faded altar of an unknown god.
  1572 | D:3      | Found a broken altar of Ashenzari.
  1584 | D:3      | HP: 1/45 [orc/+0 trident (2)]
  1585 | D:3      | Mangled by an orc

Illustrated notes

Levels and vault maps discovered:
D:1:      minmay_arrival_glassed_features, layout_basic
D:2:      layout_basic, ebering_ecumenical_altar_sacrificial,
          minmay_misc_feat_room, uniq_robin
D:3:      layout_rooms, nemelex_xobeh_ov_fountains_minmay,
          mainiacjoe_overflow_cross_hatched

Skill      XL: |  1  2  3 |
---------------+----------+-----
Fighting       | 3 |  3.2
Dodging        | 3 |  3.0
Unarmed Combat | |  3.8

Action                   |  1- 3 |  4- 6 || total
-------------------------+-------+-------++-------
Melee: Unarmed           |   107 |    39 ||   146
       Punch             |     1 |       ||     1
 Stab: Sleeping          |       |     1 ||     1
Armor: Animal skin       |    42 |    26 ||    68
Dodge: Dodged            |    51 |    30 ||    81

Table legend: (Time is in decaauts)
 A = Elapsed time spent in this place.
 B = Non-inter-level travel time spent in this place.
 C = Inter-level travel time spent in this place.
 D = Time resting spent in this place.
 E = Time spent auto-exploring this place.
 F = Levels seen in this place.
 G = Mean time per level.
                   A        B        C        D        E       F      G
               +--------+--------+--------+--------+--------+-----+--------+
         Total |   1575 |   1486 |     89 |      0 |   1194 |   3 |  525.0 |
       Dungeon |   1575 |   1486 |     89 |      0 |   1194 |   3 |  525.0 |
               +--------+--------+--------+--------+--------+-----+--------+

Top non-repeatable levels by time:
     D:2: 905 daAuts
     D:1: 657 daAuts
     D:3: 12 daAuts
